 Dungeon Crawl Stone Soup version 0.15-a0-1206-g3bad1a6 (webtiles) character file.

101 MrVile the Grave Robber (level 4, -3/21 HPs)
             Began as a Vine Stalker Necromancer on June 1, 2014.
             Slain by an orc
             ... wielding a +0,+0 trident
              (7 damage)
             ... on Level 3 of the Dungeon.
             The game lasted 00:15:37 (1411 turns).

MrVile the Grave Robber (Vine Stalker Necromancer)  Turns: 1411, Time: 00:15:37

HP  -3/21        AC  3     Str 10      XL: 4   Next: 75%
MP   0/8         EV 11     Int 15      God:
Gold 41          SH  0     Dex 17      Spells:  2 memorised,  3 levels left

rFire  . . .     SeeInvis .       - Unarmed
rCold  . . .     Clarity  .     g - +0 leather armour
rNeg   . . .     rCorr    +     (no shield)
rPois  .         rRot     +     (no helmet)
rElec  .         Spirit   +     (no cloak)
SustAb .         Warding  .     (no gloves)
rMut   .         Stasis   .     (no boots)
Gourm  .                        h - amulet of resist corrosion
MR     .....                    (no ring)
                                f - +1 ring of dexterity

@: very slightly contaminated, not resistant to hostile enchantments, unstealthy
A: fangs 2, regeneration 1, magic shield, antimagic bite, no device heal 3, rot
immunity
a: no special abilities


You were on level 3 of the Dungeon.
You were near starving.

You visited 1 branch of the dungeon, and saw 3 of its levels.

You collected 41 gold pieces.

Inventory:

Hand weapons
 m - a +0,+0 dagger
Missiles
 r - 7 poisoned needles
Armour
 a - a +0 robe
 g - a +0 leather armour (worn)
Comestibles
 c - 2 bread rations
 q - a beef jerky
 t - 2 meat rations
 w - a chunk of adder flesh
Scrolls
 e - a scroll of blinking {unknown}
 j - a scroll of enchant weapon II {unknown}
 k - a scroll of teleportation {unknown}
 n - 2 scrolls of identify {unknown}
 o - a scroll of enchant weapon I {unknown}
 p - a scroll of remove curse {unknown}
 u - a scroll of fear {unknown}
 y - a scroll of immolation {unknown}
Jewellery
 f - a +1 ring of dexterity (left hand)
 h - an amulet of resist corrosion (around neck)
Potions
 d - 2 potions of might
 i - 2 potions of curing {unknown}
 l - a potion of lignification {unknown}
 s - a potion of heal wounds {unknown}
 x - a potion of flight {unknown}
Books
 b - a book of Necromancy

   Spells                             Type                      Level
   *Pain                              Necromancy                   1
   Animate Skeleton                   Necromancy                   1
   *Vampiric Draining                 Necromancy                   3
   Regeneration                       Charms/Necromancy            3
   Animate Dead                       Necromancy                   4
   Control Undead                     Necromancy                   4
 v - a book of Control

   Spells                             Type                      Level
   Control Teleport                   Charms/Translocation         4
   Control Undead                     Necromancy                   4
   Enslavement                        Hexes                        4
   Metabolic Englaciation             Hexes/Ice                    5
   Mass Confusion                     Hexes                        6


   Skills:
 - Level 1.5 Dodging
 - Level 2.4 Stealth
 * Level 3.5 Unarmed Combat
 - Level 2.1 Spellcasting
 + Level 4.6 Necromancy


You had 3 spell levels left.
You knew the following spells:

 Your Spells              Type           Power        Failure   Level  Hunger
a - Pain                  Necr           ###.         3%          1    #......
b - Vampiric Draining     Necr           ###.......   12%         3    ####...


Dungeon Overview and Level Annotations

Branches:
Dungeon (3/15)

Altars:
Kikubaaqudgha
Trog


Innate Abilities, Weirdness & Mutations

You have extremely sharp teeth.
Your natural rate of healing is unusually fast.
When hurt, damage is shared between your health and your magic reserves.
Your bite disrupts and absorbs the magic of your enemies.
Potions and wands cannot restore your health.
You are immune to rotting.


Message History

The orc is moderately wounded.
The rat barely misses you. The orc hits you with a trident.
Casting: Vampiric Draining
Confirm with . or Enter, or press ? or * to list all spells.
Aiming: Vampiric Draining
Press: ? - help, Shift-Dir - straight line, f - orc
Aim: an orc, wielding a trident and wearing a chain mail (moderately wounded)
You miscast Vampiric Draining.
You are very lightly contaminated with residual magic.
You feel very uncomfortable. The rat misses you.
You hit the orc but do no damage. Your bite misses the orc.
The orc is moderately wounded.
The orc hits you with a trident.
* * * LOW HITPOINT WARNING * * *
The rat closely misses you.
You completely miss the orc. You bite the orc. You drain its power.
You feel invigorated.
The orc is severely wounded.
The orc hits you with a trident!
You die...

###.####..## ....... ##
.....###..# .....
#.##..###### ..<. #.
#.......## #.. ##
##..........## #.# .#
####..##.#..######.##.##
##............oro#..#
###...####r####oo#
##..##..o@.##..........
....#.......#..o....oo
.###.#.......#.#.......
#....._......$#.#.##
#.#.......#..##.. .
#.#.......#.## ##
##.....##.. ###.### .
...


You could see an orc and a rat.

Vanquished Creatures
  An orc priest (D:3)
  An adder (D:3)
  An orc zombie (D:3)
  A worm (D:2)
  2 giant geckos
  2 oozes (D:2)
  3 orcs (D:3)
  5 giant cockroaches
  7 hobgoblins
  6 kobolds
  3 bats
  3 giant newts
  7 goblins
  A kobold zombie (D:3)
  9 rats
52 creatures vanquished.

Notes
Turn   | Place    | Note
--------------------------------------------------------------
     0 | D:1      | MrVile, the Vine Stalker Necromancer, began the quest for the Orb.
     0 | D:1      | Reached XP level 1. HP: 9/9 MP: 3/3
    60 | D:1      | Reached skill level 1 in Unarmed Combat
   313 | D:1      | Reached XP level 2. HP: 13/13 MP: 3/5
   814 | D:2      | Reached XP level 3. HP: 13/16 MP: 7/7
   925 | D:2      | Found an ancient bone altar of Kikubaaqudgha.
   932 | D:2      | Became a worshipper of Kikubaaqudgha
   971 | D:2      | Learned a level 3 spell: Vampiric Draining
  1017 | D:2      | Fell from the grace of Kikubaaqudgha
  1277 | D:3      | Reached XP level 4. HP: 19/21 MP: 8/8
  1363 | D:3      | Found a bloodstained altar of Trog.
  1411 | D:3      | Slain by an orc

Action                   |  1- 3 |  4- 6 || total
-------------------------+-------+-------++-------
Melee: Unarmed           |   170 |    39 ||   209
 Cast: Pain              |    10 |     1 ||    11
       Vampiric Draining |       |     2 ||     2
Invok: Renounce Religion |     1 |       ||     1
  Use: Potion            |     1 |       ||     1
 Stab: Sleeping          |     1 |       ||     1
